 Dungeon Crawl Stone Soup version 0.27-a0-1196-g3e9cee4cb2 (webtiles) character file.

Game seed: 1275709764881858439

354 Sobieck the Slasher (level 6, -4/38 HPs)
             Began as a Tengu Gladiator on May 27, 2021.
             Slain by a wyvern (14 damage)
             ... on level 5 of the Dungeon.
             The game lasted 00:09:19 (4428 turns).

Sobieck the Slasher (Tengu Gladiator)               Turns: 4428, Time: 00:09:19

Health: -4/38      AC:  6    Str: 16    XL:     6   Next: 63%
Magic:  7/7        EV:  8    Int:  8    God:
Gold:   128        SH: 16    Dex: 16    Spells: 5/5 levels left

rFire    . . .     SeeInvis .   a - +0 long sword {long}
rCold    . . .     Faith    .   i - +3 tower shield
rNeg     . . .     Spirit   .   k - +0 ring mail
rPois    .         Reflect  .   c - +0 hat
rElec    .         Harm     .   h - scarf {repulsion}
rCorr    .         Rampage  .   v - +0 pair of gloves
Will     .....                  (boots unavailable)
Stlth    +.........             (no amulet)
HPRegen  0.12/turn              (no ring)
MPRegen  0.10/turn              (no ring)

@: flying quickly and evasively, repel missiles, quick
A: beak, talons 3, nimble flight
a: no special abilities


You were on level 5 of the Dungeon.
You visited 1 branch of the dungeon, and saw 6 of its levels.

You collected 128 gold pieces.


Innate Abilities, Weirdness & Mutations

You have a beak for a mouth.
You have claws for feet.
Your magical nature lets you fly swiftly and evasively.


   Skills:
 + Level 3.7 Fighting
 * Level 6.2 Long Blades
 - Level 2.0 Throwing
 - Level 3.2 Dodging
 + Level 2.7 Shields


You had 5 spell levels left.
You didn't know any spells.
Your spell library contained the following spells:

 Spells                   Type           Power      Damage    Failure   Level
 Corona                   Hex            0%         N/A       100%        1
 Magic Dart               Conj           0%         1d3       100%        1
 Ensorcelled Hibernation  Hex/Ice        0%         N/A       100%        2
 Searing Ray              Conj           0%         3d3       100%        2
 Confusing Touch          Hex            0%         N/A       100%        3
 Dazzling Flash           Conj/Hex       0%         N/A       100%        3
 Tukima's Dance           Hex            0%         N/A       100%        3
 Fulminant Prism          Conj/Hex       0%         3d6       100%        4
 Iskenderun's Mystic Bla  Conj/Tloc      0%         2d3       100%        4

Inventory:

Hand Weapons
 a - a +0 long sword (weapon) {long}
 b - a +1 vampiric spear {polearm}
   (You took it off a gnoll on level 3 of the Dungeon)
 f - a +0 short sword of draining {short}
   (You took it off an orc on level 4 of the Dungeon)
Missiles
 d - 2 throwing nets (quivered) {=f!fthrowing}
 e - 136 stones {throwing}
 j - 15 sling bullets
 l - 91 arrows
Armour
 c - a +0 hat (worn)
 h - a scarf of repulsion (worn)
   (You found it on level 2 of the Dungeon)
 i - a +3 tower shield (worn)
   (You found it on level 1 of the Dungeon)
 k - a +0 ring mail (worn)
   (You found it on level 1 of the Dungeon)
 u - a +0 plate armour
   (You found it on level 3 of the Dungeon)
 v - a +0 pair of gloves (worn)
   (You found it on level 3 of the Dungeon)
Scrolls
 g - a scroll of teleportation {@r4}
Potions
 m - a potion of might
 n - a potion of berserk rage {unknown}
 o - 2 potions of curing {@q1}
 p - a potion of attraction {!q}
 q - a potion of degeneration {!q@e2}
 s - 2 potions of lignification {unknown}

Dungeon Overview and Level Annotations

Branches:
Dungeon (6/15)
 Temple: D:4-7

Altars:
Cheibriados
Uskayaw

#8...8 #...#
#....#..
#[....##...#
.....#..
#_....._##..#
..#....
##.....##...#
#.....
#8...8##...###...#
#..##.....#
#...#.....#
#.........#
#......#@.#
#....#.#l.#
#....###.##
...##.#....# ....
.......#
.....##..#..##
#.## #l###.. #.
#.. . ...


You could see a wyvern.


Message History

You fly downwards.
There is a stone staircase leading up here.
As you read the scroll labelled HOSOAGHUOMUCW, it crumbles to dust.
Wisps of shadow whirl around you...
It was a scroll of summoning.
As you read the scroll labelled GOCACU HOEJUO, it crumbles to dust.
Magic quickly surges around you.
It was a scroll of vulnerability.
You start waiting.
You feel your willpower return.
Your kobold dissolves into shadows!
Your iguana dissolves into shadows!
Your hound dissolves into shadows!
Your black bear dissolves into shadows!
Done waiting.
l - 91 arrows (gained 22)
Things that are here:
a +0 club {mace}; an orc skeleton
There is a stone staircase leading up here.
Things that are here:
a +0 whip {mace}; an orc skeleton You now have 128 gold pieces (gained 18).
n - a white potion You are sucked into a shaft and drop 1 floor!
The shaft crumbles and collapses.
Okay, then.
Unknown command.
An iguana comes into view.
The iguana hisses angrily.
An orc comes into view.
It is wielding a +0 whip and quivering boomerangs of dispersal.
Found a stone staircase leading down.
Unknown command.
You closely miss the iguana. You claw the iguana. The iguana bites you.
You block the iguana's attack. 😕 HP[-5]
You take 5 damage, and now have 33/38 hp.
Your shield prevents you from hitting the iguana.
You peck the iguana, but do no damage. You block the iguana's attack. 😕 HP[+1]
You slash the iguana! You claw the iguana, but do no damage.
You block the iguana's attack. The iguana bites you. 😕 HP[-5]
You take 5 damage, and now have 29/38 hp.
You closely miss the iguana. Your kick misses the iguana. You peck the iguana.
You block the iguana's attack. x2
You hit the iguana.
You kill the iguana!
No target in view!
You start resting. 😎 HP[+9]
Your hp is fully restored (38).
Found a plate armour.
Found a snail-covered altar of Cheibriados.
Found a stone staircase leading down.
Found a hide-covered altar of Uskayaw.
You see here an iguana corpse.
There is a stone staircase leading down here.
You fly downwards.
You hear the hiss of flowing sand.
There is an entrance to an ossuary on this level.
Hurry and find it before the portal is buried!
There is a stone staircase leading up here.
You fly upwards.
There is a stone staircase leading down here.
A wyvern comes into view.
Unknown command.
There is a stone staircase leading down here.
Really fire
d - 3 throwing nets {=f!fthrowing}?
Really fire
d - 3 throwing nets {=f!fthrowing}?
Unknown command.
Throw: 3 throwing nets {=f!fthrowing}
Press: ? - help, Q - select action, (/) - cycle Shift-Dir - straight line, f - wyvern
Aim: a wyvern (60% to hit)
You throw a throwing net {=f!fthrowing}.
The throwing net {=f!fthrowing} completely misses the wyvern.
You block the wyvern's attack.
The wyvern bites you but does no damage.
You closely miss the wyvern. Your kick misses the wyvern.
You block the wyvern's attack.
The wyvern bites you but does no damage.
The wyvern bites you! 😮 HP[-15]
You take 15 damage, and now have 23/38 hp.
MASSIVE DAMAGE!! (PAUSE)
You closely miss the wyvern. Your kick misses the wyvern. You peck the wyvern.
The wyvern barely misses you.
You riposte.
You hit the wyvern but do no damage. You block the wyvern's attack.
You hit the wyvern. The wyvern bites you!
* * * LOW HITPOINT WARNING * * *
You block the wyvern's attack. 😱 HP[-14]
You take 14 damage, and now have 9/38 hp.
MASSIVE DAMAGE!! (PAUSE)
You hit the wyvern. You block the wyvern's attack. x2
The wyvern barely misses you.
You riposte.
You closely miss the wyvern. Your kick misses the wyvern.
You peck the wyvern, but do no damage. You barely miss the wyvern.
Your peck misses the wyvern. You block the wyvern's attack.
The wyvern completely misses you.
You riposte.
You closely miss the wyvern. You claw the wyvern.
You peck the wyvern, but do no damage. You hit the wyvern. You claw the wyvern.
Your peck misses the wyvern. The wyvern bites you!
You die...

Skill      XL: |  1  2  3  4  5  6 |
---------------+-------------------+-----
Long Blades    | 4 5 6 |  6.2
Shields        | 1 2 |  2.7
Fighting       | 3 |  3.7
Throwing       | |  2.0
Dodging        | |  3.2

Action                   |  1- 3 |  4- 6 || total
-------------------------+-------+-------++-------
Melee: Long sword        |    79 |   123 ||   202
       Kick              |    20 |    40 ||    60
       Peck              |    13 |    24 ||    37
Throw: Throwing net      |       |     1 ||     1
  Use: Scroll            |       |    10 ||    10
 Stab: Sleeping          |     3 |       ||     3
Armor: Leather armour    |    19 |       ||    19
       Ring mail         |    10 |    20 ||    30
Dodge: Dodged            |    34 |    31 ||    65
Block: Tower shield      |    49 |    92 ||   141
       Rpst.: Long sword |    13 |    11 ||    24

Levels and vault maps discovered:
D:1:      dpeg_arrival_solitude, layout_loops_ring, serial_glass,
          glass_columns_a, glass_columns_a
D:2:      layout_rooms, ebering_ecumenical_altar_hall, grunt_ministairs_14,
          minmay_misc_feat_alley, nicolae_underground_beach
D:3:      layout_loops_ring, kennysheep_pointless_box, glass_columns_b,
          serial_bayou_pond_a, minivault_5, lemuel_flame_loot_1, uniq_jessica,
          uniq_ijyb
D:4:      layout_loops_ring, ebering_ghost_gozag
D:5:      layout_cave_pools, nicolae_overflow_hidden_temple,
          kennysheep_generic_room_8
D:6:      layout_basic, lemuel_coloured_pillars_altar, lemuel_round_altar,
          minmay_temple_entry_slanted, enter_ossuary_5, uniq_edmund

Notes
Turn   | Place    | Note
-------+----------+-------------------------------------------
     0 | D:1      | Sobieck the Tengu Gladiator began the quest for the Orb.
     0 | D:1      | Reached XP level 1. HP: 12/12 MP: 2/2
     0 | D:1      | magus.rc [v1.9.6]
   107 | D:1      | Reached XP level 2. HP: 14/17 MP: 3/3
   375 | D:1      | You pick up a book of Maledictions and begin reading...
   375 | D:1      | You add the spells Corona, Ensorcelled Hibernation,
                  | Confusing Touch, Tukima's Dance and Dazzling Flash to your
                  | library.
   473 | D:1      | Reached skill level 4 in Long Blades
   616 | D:1      | You pick up a book of Conjurations {@e2} and begin
                  | reading...
   616 | D:1      | You add the spells Magic Dart, Searing Ray, Fulminant Prism
                  | and Iskenderun's Mystic Blast to your library.
   656 | D:1      | Reached XP level 3. HP: 22/22 MP: 4/4
  1456 | D:2      | Reached skill level 1 in Shields
  1456 | D:2      | Reached XP level 4. HP: 16/27 MP: 5/5
  1726 | D:2      | Found a faded altar of an unknown god.
  2135 | D:3      | Reached skill level 5 in Long Blades
  2228 | D:3      | Reached skill level 3 in Fighting
  2300 | D:3      | Noticed Ijyb
  2301 | D:3      | Paralysed by Ijyb for 3 turns
  2308 | D:3      | Paralysed by Ijyb for 3 turns
  2313 | D:3      | Paralysed by Ijyb for 2 turns
  2316 | D:3      | Killed Ijyb
  2317 | D:3      | Gained mutation: Your magical nature lets you fly swiftly
                  | and evasively. [Tengu growth]
  2317 | D:3      | Reached XP level 5. HP: 10/32 MP: 6/6
  2371 | D:3      | HP: 5/32 [orc priest/divine providence (8)]
  2378 | D:3      | HP: 2/32 [orc priest/nerve-wracking pain (4)]
  2697 | D:3      | Reached skill level 2 in Shields
  3052 | D:3      | Noticed Jessica
  3179 | D:3      | Killed Jessica
  3180 | D:3      | Reached XP level 6. HP: 32/37 MP: 7/7
  3577 | D:3      | Reached skill level 6 in Long Blades
  4292 | D:4      | You are sucked into a shaft and drop 1 floor!
  4292 | D:5      | Entered Level 5 of the Dungeon
  4389 | D:5      | Found a snail-covered altar of Cheibriados.
  4391 | D:5      | Found a hide-covered altar of Uskayaw.
  4416 | D:5      | Noticed a wyvern
  4425 | D:5      | HP: 9/38 [wyvern (14)]
  4428 | D:5      | Slain by a wyvern

Vanquished Creatures
  4 orc priests
  An iguana (D:5)
  Jessica (D:3)
  Ijyb (D:3)
  A gnoll (D:3)
  7 adders
  An adder skeleton (D:4)
  A dart slug (D:1)
  4 orcs
  4 ball pythons
  3 endoplasms
  5 giant cockroaches
  4 goblins
  3 hobgoblins
  4 jackals (D:1)
  6 quokkas
  16 bats
  7 frilled lizards
  5 kobolds
  7 rats
85 creatures vanquished.

Vanquished Creatures (others)
  2 plants (D:3)
2 creatures vanquished.

Grand Total: 87 creatures vanquished

Table legend:
 A = Non-vault XP
 B = Vault XP
 C = Vault XP percentage of total XP
 D = Non-vault monster count
 E = Vault monster count
 F = Vault count percentage of total count
                 A         B        C        D         E       F
            +---------+---------+-------+---------+---------+-------
      Total |     431 |      76 |  15.0 |      81 |       4 |   4.7
            +---------+---------+-------+---------+---------+-------
        D:1 |      46 |       0 |   0.0 |      30 |       0 |   0.0
        D:2 |      89 |       3 |   3.3 |      24 |       2 |   7.7
        D:3 |     200 |      73 |  26.7 |      21 |       2 |   8.7
        D:4 |      56 |       0 |   0.0 |       5 |       0 |   0.0
        D:5 |      40 |       0 |   0.0 |       1 |       0 |   0.0
            +---------+---------+-------+---------+---------+-------

Illustrated notes

Table legend:
 A = Kills in this place as a percentage of kills in entire the game.
 B = Kills by you in this place as a percentage of kills by you in the entire game.
 C = Kills by friends in this place as a percentage of kills by friends in the entire game.
 D = Other kills in this place as a percentage of other kills in the entire game.
 E = Experience gained in this place as a percentage of experience gained in the entire game.
 F = Experience gained in this place divided by the number of levels of this place that you have seen.
                   A       B       C       D       E      F
               +-------+-------+-------+-------+-------+----------------------
         Total | 100.0 | 100.0 |   N/A |   N/A | 100.0 |  84.5
       Dungeon | 100.0 | 100.0 |   N/A |   N/A | 100.0 |  84.5
               +-------+-------+-------+-------+-------+----------------------

Table legend: (Time is in decaauts)
 A = Elapsed time spent in this place.
 B = Non-inter-level travel time spent in this place.
 C = Inter-level travel time spent in this place.
 D = Time resting spent in this place.
 E = Time spent auto-exploring this place.
 F = Levels seen in this place.
 G = Mean time per level.
                   A        B        C        D        E       F      G
               +--------+--------+--------+--------+--------+-----+--------+
         Total |   4477 |   4188 |    289 |   1194 |   2109 |   6 |  746.2 |
       Dungeon |   4477 |   4188 |    289 |   1194 |   2109 |   6 |  746.2 |
               +--------+--------+--------+--------+--------+-----+--------+

Top non-repeatable levels by time:
     D:3: 1496 daAuts
     D:1: 1346 daAuts
     D:2: 1184 daAuts
     D:4: 312 daAuts
     D:5: 135 daAuts
     D:6: 1 daAuts
